Map: Defender's Landing LE

Players

llllllllllll (Zest) - Winner!

  • Race: Protoss Protoss
  • League: Master
  • Spawn Location: 7:00

HeroMarine

  • Race: Terran Terran
  • Spawn Location: 1:00

Event: HomeStory Cup XV

VOD

Have the link to the VOD?

Description

Time

  • Played on: July 22, 2017, 4:23 p.m.
  • Length: 6:26

All games in this series

Show
View Real Time Build Order
Export as new Build Order

llllllllllll Protoss - Winner!

Build Orders: 1 Gate Expand, Oracle Opening 

Get SALT Encoding   

  12  0:00  Probe (Chrono Boost)  
  13  0:11  Probe (Chrono Boost)  
  14  0:18  Pylon  
  14  0:22  Probe (Chrono Boost)  
  15  0:36  Probe (Chrono Boost), Gateway  
  15  0:42  Assimilator  
  16  0:46  Probe (Chrono Boost)  
  18  0:57  Probe (Chrono Boost)  
  18  1:07  Probe (Chrono Boost)  
  19  1:18  Nexus  
  19  1:28  Cybernetics Core  
  19  1:31  Probe (Chrono Boost)  
  20  1:36  Assimilator  
  20  1:42  Probe (Chrono Boost)  
  20  1:46  Pylon  
  21  1:52  Probe (Chrono Boost)  
  22  2:05  Mothership Core (Chrono Boost)  
  24  2:09  Adept (Chrono Boost)  
  26  2:17  Warp Gate  
  26  2:23  Probe (Chrono Boost)  
  27  2:30  Probe (Chrono Boost)  
  27  2:35  Probe (Chrono Boost)  
  29  2:41  Probe (Chrono Boost)  
  29  2:43  Pylon  
  30  2:45  Pylon, Probe (Chrono Boost)  
  31  2:52  Probe (Chrono Boost), Stargate  
  31  2:56  Probe (Chrono Boost)  
  33  3:02  Probe (Chrono Boost)  
  34  3:07  Probe (Chrono Boost)  
  35  3:13  Probe (Chrono Boost)  
  35  3:17  Probe (Chrono Boost)  
  37  3:21  Gateway x2  
  37  3:23  Probe (Chrono Boost)  
  38  3:29  Probe (Chrono Boost)  
  39  3:43  Probe (Chrono Boost)  
  39  3:45  Oracle (Chrono Boost)  
  39  3:47  Probe  
  42  3:58  Pylon  
  42  4:00  Probe  
  42  4:01  Pylon, Probe  
  42  4:11  Probe  
  42  4:13  Probe  
  46  4:17  Phoenix (Chrono Boost)  
  46  4:21  Stalker x3  
  46  4:23  Nexus  
  52  4:28  Pylon  
  52  4:46  Stalker x3  
  52  4:47  Probe  
  52  4:48  Probe  
  52  4:51  Assimilator  
  52  4:52  Assimilator  
  60  4:54  Phoenix (Chrono Boost)  
  61  5:05  Probe  
  62  5:07  Probe  
  62  5:08  Pylon  
  62  5:11  Stalker x2  
  62  5:13  Stalker  
  70  5:21  Probe  
  70  5:24  Probe  
  71  5:38  Adept  
  71  5:39  Adept x2  
  77  5:45  Probe  
  73  5:50  Probe x2  
  71  5:59  Stalker x3  
  71  6:04  Probe  
Show
View Real Time Build Order
Export as new Build Order

HeroMarine Terran 

Build Orders:  

Get SALT Encoding   

  12  0:00  SCV  
  13  0:13  SCV  
  14  0:17  Supply Depot  
  14  0:25  SCV  
  15  0:39  SCV  
  15  0:41  Barracks  
  16  0:44  Refinery  
  16  0:51  SCV  
  17  1:03  SCV  
  18  1:15  SCV  
  19  1:28  Orbital Command  
  19  1:29  Marine  
  20  1:43  Command Center  
  20  1:53  Factory  
  20  1:57  SCV  
  21  2:03  Refinery  
  21  2:06  Barracks Reactor  
  21  2:09  SCV  
  22  2:15  Supply Depot  
  22  2:21  SCV  
  23  2:37  SCV, Starport  
  23  2:38  Widow Mine  
  23  2:42  Marine  
  23  2:43  Marine  
  28  2:49  SCV  
  29  2:55  Orbital Command  
  29  3:01  SCV  
  29  3:05  Marine x2  
  32  3:09  Widow Mine  
  34  3:18  Viking  
  36  3:20  SCV  
  36  3:28  Supply Depot  
  36  3:30  Marine  
  36  3:31  Marine  
  38  3:37  SCV  
  40  3:41  SCV  
  39  3:48  Marine x2  
  39  3:49  SCV  
  42  3:56  SCV  
  42  4:02  SCV  
  44  4:04  Barracks  
  44  4:08  SCV  
  45  4:10  Marine  
  45  4:13  Marine  
  45  4:14  SCV  
  48  4:22  Barracks  
  48  4:23  SCV  
  49  4:26  SCV, Factory Tech Lab  
  49  4:27  Starport Tech Lab  
  50  4:32  Engineering Bay  
  50  4:35  SCV  
  50  4:37  Marine  
  50  4:38  SCV, Marine  
  53  4:42  Supply Depot  
  52  4:47  Supply Depot  
  54  4:53  Raven  
  54  5:04  Siege Tank, Marine x3, SCV x2  
  62  5:10  Marine  
  62  5:13  Supply Depot  
  63  5:16  SCV x2  
  63  5:18  Supply Depot  
  65  5:22  Marine x3  
  65  5:23  Supply Depot  
  65  5:28  Marine  
  66  5:33  SCV  
  66  5:34  SCV  
  65  5:36  Siege Tank  
  65  5:39  Marine x2  
  65  5:43  Marine  
  65  5:46  Marine  
  65  5:48  SCV x2  
  53  5:57  Marine x2  
  53  6:01  Marine  
  53  6:04  Marine  
  46  6:06  SCV  
  46  6:10  SCV  
Tags
 
Add a new tag
Caveats
  • Supply blocks, unpowered buildings, or Contaminate may cause inaccurate times.
  • Supply counts are checked every 10 seconds.